Map: Blackpink LE

Players

CinDra

  • Race: Zerg Zerg
  • League: Gold
  • Spawn Location: 7:00

Darkness - Winner!

  • Race: Terran Terran
  • League: Gold
  • Spawn Location: 1:00

VOD

Have the link to the VOD?

Description

Time

  • Played on: Feb. 27, 2018, 1:28 p.m.
  • Length: 23:29
Show
View Real Time Build Order
Export as new Build Order

CinDra Zerg 

Build Orders: Hatch First, Muta Ling Bane 

Get SALT Encoding   

  12  0:00  Drone  
  13  0:12  Overlord  
  13  0:17  Drone  
  14  0:30  Drone  
  14  0:31  Drone  
  14  0:35  Drone  
  17  0:55  Drone  
  18  0:59  Hatchery  
  18  1:02  Drone  
  18  1:06  Extractor  
  17  1:16  Drone  
  18  1:22  Drone, Spawning Pool  
  18  1:28  Overlord  
  18  1:44  Drone  
  19  1:53  Drone  
  20  2:08  Queen  
  20  2:11  Queen  
  20  2:12  Zergling x6  
  27  2:22  Drone x2  
  29  2:34  Drone x2  
  31  2:49  Drone x2  
  32  3:19  Drone  
  34  3:20  Zergling x4, Drone  
  34  3:21  Overlord  
  34  3:22  Overlord  
  36  3:27  Baneling Nest  
  36  3:29  Drone  
  36  3:39  Queen  
  38  3:47  Drone  
  38  3:48  Drone x5  
  44  3:49  Metabolic Boost  
  44  3:57  Extractor  
  44  3:59  Overlord, Drone  
  44  4:00  Drone  
  44  4:01  Drone x4  
  49  4:12  Lair  
  49  4:15  Zergling x4  
  51  4:24  Baneling x4  
  51  4:25  Baneling x2  
  51  4:36  Drone x2  
  51  4:37  Zergling x14  
  51  4:38  Overlord  
  60  5:10  Centrifical Hooks  
  53  5:32  Drone  
  53  5:33  Spire  
  53  5:37  Drone  
  53  5:38  Drone x2  
  53  5:39  Overlord x2, Drone x5  
  53  5:40  Drone x2  
  53  5:41  Drone x3  
  66  5:54  Hatchery  
  66  5:55  Pneumatized Carapace  
  65  6:08  Zergling x2  
  65  6:09  Zergling x10  
  65  6:11  Overseer, Extractor  
  70  6:15  Extractor  
  69  6:48  Mutalisk x3  
  75  6:58  Zergling x2, Overlord  
  75  6:59  Overlord x4  
  76  7:19  Evolution Chamber  
  76  7:21  Evolution Chamber  
  68  7:53  Mutalisk x6  
  80  8:17  Drone x11  
  80  8:18  Drone x2  
  93  8:20  Overlord  
  93  8:22  Zerg Flyer Weapons Level 1  
  93  8:27  Zerg Melee Weapons Level 1, Zerg Ground Armor Level 1  
  93  8:46  Mutalisk x2  
  93  8:47  Zergling x2  
  93  8:48  Zergling x14  
  105  8:57  Extractor  
  105  8:58  Extractor  
  103  9:22  Overlord, Mutalisk  
  103  9:23  Mutalisk x3  
  111  9:24  Hatchery  
  111  9:31  Drone x5  
  112  9:32  Drone  
  116  9:50  Infestation Pit  
  115  10:06  Mutalisk x5  
  125  10:19  Overlord x2  
  125  10:20  Zergling x6  
  125  10:21  Zergling x16  
  136  10:27  Baneling  
  136  10:28  Baneling x16  
  126  10:50  Queen  
  110  10:58  Hive  
  110  11:16  Drone x3  
  113  11:24  Extractor  
  112  11:26  Extractor  
  111  11:44  Corruptor x3  
  111  11:45  Corruptor x8  
  133  11:48  Zergling x2  
  133  11:49  Zergling x18  
  114  12:20  Mutalisk x5  
  122  12:24  Drone x4  
  122  12:26  Drone x3  
  122  12:27  Drone x3  
  132  12:30  Queen  
  134  12:39  Ultralisk Cavern  
  134  12:41  Zerg Melee Weapons Level 2  
  133  13:08  Adrenal Glands  
  133  13:13  Zerg Ground Armor Level 2  
  133  13:15  Mutalisk  
  135  13:24  Drone  
  135  13:27  Chitinous Plating  
  136  13:31  Ultralisk  
  142  13:35  Zergling x2  
  142  13:36  Zergling x32  
  142  13:37  Overlord x6  
  159  14:11  Ultralisk x2  
  159  14:12  Ultralisk x2  
  159  14:13  Zergling x2  
  159  14:14  Zergling x22  
  159  14:15  Hatchery  
  194  14:22  Overseer x2  
  194  14:46  Mutalisk x2  
  194  14:47  Zergling x2  
  183  15:13  Overlord  
  183  15:14  Overlord x4  
  175  15:44  Mutalisk x6  
  175  15:45  Mutalisk x6  
  199  16:06  Extractor x2  
  195  16:15  Ultralisk  
  195  16:18  Mutalisk x2  
  199  18:10  Zergling x2  
  200  18:58  Zerg Melee Weapons Level 3  
  200  18:59  Zerg Ground Armor Level 3  
  200  19:23  Greater Spire  
  200  20:04  Spire  
  98  20:53  Corruptor  
  98  20:54  Corruptor x12  
  98  20:55  Corruptor x25  
  124  21:30  Brood Lord x7  
  124  21:31  Brood Lord x4  
  146  21:33  Brood Lord x7  
  160  21:46  Zergling x2  
  168  21:47  Zergling x58  
  168  21:48  Zergling x4, Overlord x3  
  192  22:10  Corruptor x3  
  198  22:38  Corruptor  
Show
View Real Time Build Order
Export as new Build Order

Darkness Terran - Winner!

Build Orders: Liberator Opening, MMM Bio 

Get SALT Encoding   

  12  0:01  SCV  
  13  0:16  Supply Depot  
  13  0:19  SCV  
  14  0:27  Refinery  
  14  0:41  Barracks  
  14  0:46  SCV  
  15  1:00  SCV  
  16  1:06  Refinery  
  16  1:14  Barracks  
  16  1:19  SCV  
  17  1:30  Reaper  
  18  1:34  SCV  
  19  1:42  Supply Depot  
  19  1:55  Orbital Command  
  19  2:06  Barracks Tech Lab  
  19  2:13  Factory  
  19  2:17  Barracks Reactor  
  19  2:22  SCV  
  20  2:34  SCV  
  21  2:53  Marine x2  
  23  3:02  Barracks Tech Lab  
  23  3:05  SCV  
  24  3:06  Starport  
  24  3:08  Siege Tank  
  27  3:19  SCV  
  28  3:22  Supply Depot  
  28  3:43  Liberator  
  27  3:55  Marine x2  
  29  3:57  Starport Reactor  
  32  4:03  SCV  
  32  4:07  Supply Depot  
  35  4:13  Marine x2, Stimpack  
  35  4:23  Command Center  
  35  4:24  Engineering Bay  
  35  4:25  SCV  
  35  4:30  Marine, Supply Depot  
  35  4:31  Marine  
  38  4:36  Marine  
  38  4:37  SCV  
  40  4:40  Cyclone  
  43  4:52  Marine x2  
  45  4:54  Medivac  
  47  5:07  Marauder  
  47  5:10  Marine x2  
  49  5:30  Cyclone  
  49  5:32  Starport Reactor  
  52  5:43  Marine  
  52  5:44  Marine  
  52  5:45  Marauder  
  56  5:58  Refinery  
  56  6:04  Supply Depot  
  56  6:05  Siege Tank  
  56  6:07  Supply Depot  
  59  6:14  Concussive Shells  
  59  6:17  Orbital Command  
  59  6:21  Medivac  
  61  6:40  Marine x2  
  61  6:43  Marauder  
  65  6:56  SCV  
  65  6:57  Marine, SCV  
  65  6:58  Marine  
  69  7:05  Marauder  
  71  7:25  Medivac x2  
  73  7:40  Liberator  
  73  7:41  Liberator  
  77  7:59  SCV x2  
  79  8:11  SCV x2  
  79  8:12  Missile Turret  
  81  8:13  Missile Turret x2  
  81  8:22  Missile Turret  
  81  8:23  Siege Tank, Missile Turret  
  81  8:25  Missile Turret  
  84  8:29  Marine x2, Supply Depot  
  84  8:31  Combat Shields  
  86  8:37  SCV, Sensor Tower  
  86  8:38  SCV  
  88  8:47  Marine x2, Starport  
  90  8:49  SCV  
  90  8:50  SCV  
  92  9:14  Armory  
  92  9:24  Factory Tech Lab  
  92  9:28  Barracks  
  92  9:29  Terran Infantry Weapons Level 1  
  92  9:35  SCV x2  
  92  9:36  Missile Turret  
  94  9:42  Marine  
  94  9:43  Marine  
  96  9:47  Marine, SCV x2  
  99  10:00  Marine, SCV x2  
  99  10:06  Marine x2  
  104  10:08  Supply Depot  
  104  10:12  SCV x2  
  104  10:13  Liberator x2  
  106  10:18  Marine  
  107  10:22  Terran Vehicle Weapons Level 1  
  107  10:24  Marine  
  114  11:05  Liberator x2  
  114  11:08  Raven  
  116  11:23  Terran Infantry Weapons Level 2  
  116  11:24  Smart Servos  
  122  11:26  SCV x2  
  122  11:29  Refinery  
  124  11:38  SCV x2  
  126  12:06  Liberator x2  
  102  12:27  Fusion Core  
  108  12:31  Barracks Reactor  
  108  12:36  Terran Ship Weapons Level 1  
  108  12:42  Marine x2  
  110  12:44  Command Center  
  110  13:00  Marine x2  
  112  13:14  Liberator x2  
  112  13:18  Marine x2  
  120  13:38  Thor  
  120  13:40  Marine  
  120  13:41  Marine x3  
  130  13:48  Supply Depot  
  130  13:49  Supply Depot  
  130  13:50  Supply Depot x2  
  130  13:51  Supply Depot  
  130  13:58  Marine x2  
  130  13:59  Marine x2, Missile Turret  
  130  14:00  Missile Turret  
  134  14:21  Missile Turret x2  
  134  14:29  Factory  
  134  14:39  Terran Ship Weapons Level 2  
  134  14:41  Missile Turret  
  134  14:56  Liberator x2  
  128  15:16  Factory Tech Lab  
  128  15:39  Liberator x2  
  126  15:47  Siege Tank  
  126  15:48  Siege Tank  
  132  15:53  Terran Infantry Armor Level 1  
  138  16:08  Missile Turret x2  
  132  16:20  Marine x2  
  132  16:21  Marine x2  
  132  16:23  Liberator x2  
  136  16:38  Marine x3  
  136  16:39  Marine  
  146  16:47  Missile Turret  
  146  16:48  Missile Turret  
  146  16:49  Missile Turret  
  146  16:50  Missile Turret  
  146  17:17  Terran Vehicle And Ship Armor Level 1  
  146  17:22  Armory  
  146  17:25  Engineering Bay  
  146  17:40  Planetary Fortress  
  146  17:56  Missile Turret  
  146  17:59  Missile Turret  
  146  18:01  Liberator x2  
  146  18:18  Refinery  
  152  18:44  Refinery  
  152  18:48  Advanced Ballistics  
  152  18:51  Liberator x2  
  158  19:20  Marine x4  
  162  19:33  Medivac  
  162  19:38  Marine x4  
  168  20:03  Medivac  
  146  21:02  Marine  
  146  21:03  Marine x3  
  150  21:12  Command Center  
  150  21:20  Marine x2  
  150  21:21  Marine x2  
  154  21:38  Marine x4  
  158  21:56  Marine x4  
  142  22:41  Thor  
  142  22:42  Thor  
  154  22:44  Marine  
  154  22:45  Marine x3  
  158  23:02  Marine  
  158  23:03  Marine x3  
  162  23:07  Sensor Tower  
Tags
 
Add a new tag
Caveats
  • Supply blocks, unpowered buildings, or Contaminate may cause inaccurate times.
  • Supply counts are checked every 10 seconds.